[Event "Early-Titled-Tuesday-Blitz-February-06-2024"]
[Site "Chess.com"]
[Date "2024.02.06"]
[Round "7"]
[White "lluiss"]
[Black "SmirnovTimofey2000"]
[Result "1-0"]
[WhiteElo "2141"]
[BlackElo "1975"]
[TimeControl "180+1"]
[EndTime "9:18:39 PST"]
[Termination "lluiss won by resignation"]

1. d4 d5 2. c4 c6 3. cxd5 cxd5 4. Nf3 Nf6 5. Nc3 Nc6 6. Bf4 Nh5 7. Bg5 h6 8. Bh4 g5 9. Bg3 Nxg3 10. hxg3 Bg7 11. e3 Bf5 12. Qb3 Na5 13. Qxd5 Qxd5 14. Nxd5 Rb8 15. Bb5+ Kd8 16. O-O e6 17. Nc3 a6 18. Be2 Ke7 19. Ne5 Rhc8 20. Bf3 b5 21. Rfc1 Bxe5 22. dxe5 Nc4 23. b3 Nxe5 24. Ne4 Rxc1+ 25.
Rxc1 g4 26. Rc5 Nxf3+ 27. gxf3 gxf3 28. Nd2 Bg4 29. Rc7+ Kf6 30. Ne4+ Ke5 31. Nc3 Rd8 32. Rc5+ Kd6 33. Ne4+ Ke7 34. Rc7+ Kf8 35. Nf6 Bh3 36. Kh2 Bg2 37. g4 Rd1 38. Kg3 e5 39. Nd7+ Kg7 40. Nxe5 Rd2 41. Rxf7+ Kg8 42. Rf6 Rxa2 43. Rxh6 Ra3 44.
Nxf3 Bxf3 45. Kxf3 a5 46. Ra6 a4 47. bxa4 bxa4 48.
Kf4 Ra1 49. f3 a3 50. e4 a2 51.
Ra7 Kf8 52. e5 Ke8 53. g5 Kf8 54. g6 Kg8 55. e6 1-0

[Event "Early-Titled-Tuesday-Blitz-February-06-2024"]
[Site "Chess.com"]
[Date "2024.02.06"]
[Round "7"]
[White "HittingRookBottom"]
[Black "ItsCheckM8Mate"]
[Result "0-1"]
[WhiteElo "1999"]
[BlackElo "2379"]
[TimeControl "180+1"]
[EndTime "9:18:39 PST"]
[Termination "ItsCheckM8Mate won by resignation"]

1. e4 c6 2. Nf3 d5 3. exd5 cxd5 4. d4 Nc6 5. Bb5 Nf6 6. O-O Bg4 7. h3 Bh5 8. c4 Bxf3 9. Qxf3 e6 10. cxd5 Qxd5 11. Qxd5 Nxd5 12. Bxc6+ bxc6 13. Nc3 Rb8 14. Nxd5 cxd5 15.
b3 Bd6 16. Re1 Kd7 17. Bd2 Ba3 18. Rab1 Rhc8 19. b4 Rc2 20. Red1 Rxa2 21. Rb3 Rc8 22. Be1 Rcc2 23. Rf3 Ke8 24. Rdd3 Bb2 25. Rg3 g6 26. Rge3 Ra1 27. Kh2 Rc4 28. Re2 Bxd4 29. b5 Bb6 30. Rxd5 Bc7+ 31. g3 Bb6 32. Kg2 Rac1 33. Rd3 Rb1 34.
Red2 Rxb5 35. Rd6 Rb1 36. Rd1 Rxd1 37. Rxd1 Rc2 38. Kf1 h5 39. Ra1 Kd7 40. Ra3 Kc6 41. Rf3 f5 42. Rd3 a5 43. Rd1 a4 44. Rd3 Bc5 45. Rc3 Rxc3 46. Bxc3 Kd5 47. Ke2 Bd4 48. Bb4 Bb2 49. Kd3 a3 50. Kc2 Kc4 51. Be7 Bd4 52. f3 Bf2 53. Bxa3 Bxg3 54. Kd2 Be5 55. Ke2 Kd5 56.
Be7 Bd4 57. Kd3 Bc5 58. Bf6 e5 59. Ke2 e4 60. fxe4+ Kxe4 61. Bg7 f4 62. Kf1 Kf3 63. Bc3 Be3 64. Be5 Kg3 65. Ke2 Kxh3 66. Kf3 g5 67. Ke4 Kg2 68. Bf6 g4 69. Bg5 Kg3 70. Kd3 Bc5 71. Ke4 f3 72. Kd3 f2 0-1

[Event "Early-Titled-Tuesday-Blitz-February-06-2024"]
[Site "Chess.com"]
[Date "2024.02.06"]
[Round "7"]
[White "Sanyura"]
[Black "amanjazu"]
[Result "1-0"]
[WhiteElo "2686"]
[BlackElo "2464"]
[TimeControl "180+1"]
[EndTime "9:18:40 PST"]
[Termination "Sanyura won by resignation"]

1. Nf3 Nf6 2. g3 g6 3. Bg2 Bg7 4. O-O O-O 5. d4 d6 6. c4 c5 7.
Nc3 Nc6 8. dxc5 dxc5 9. Be3 Qa5 10. Qa4 Ng4 11. Qxa5 Nxa5 12. Bxc5 Nxc4 13. Nd5 Kh8 14. Nc7 Rb8 15. Bxa7 Bd7 16. Bxb8 Rxb8 17. h3 Nge5 18. Nxe5 Bxe5 19. Nd5 e6 20. Rac1 exd5 21. Bxd5 Nxb2 22. Bxf7 Bxh3 23. Rfe1 Rf8 24. Bb3 Bd4 25.
e3 Be5 26. Rc2 Nd3 27. Rd1 Bf5 28. Rcd2 Nb4 29. Rd8 Kg7 30. Rxf8 Kxf8 31. a3 Nc6 32. Bd5 Ke7 33. e4 Bg4 34. Rb1 Bc8 35. a4 Kd8 36. f4 Bd4+ 37. Kg2 Kc7 38. Rd1 Bg7 39. Rh1 h5 40. f5 Ne7 41. fxg6 Bg4 42. Rc1+ Kd6 43. Bxb7 Nxg6 44. Rc6+ Ke7 45. Rxg6 Bd4 46. Rc6 Kd7 47. a5 Be2 48. a6 Bb5 49. Rc2 Bb6 50. Rb2 Bxa6 51.
Rxb6 Bxb7 52. Rxb7+ Ke6 53. Rh7 Ke5 54. Rxh5+ Kxe4 55. g4 Ke3 56. Rf5 Ke4 57. Rf3 Ke5 58. g5 Ke6 59. g6 Ke7 60. g7 Ke6 61. g8=Q+ Ke5 62.
Qe8+ 1-0

[Event "Early-Titled-Tuesday-Blitz-February-06-2024"]
[Site "Chess.com"]
[Date "2024.02.06"]
[Round "7"]
[White "tptagain"]
[Black "vi_pranav"]
[Result "1/2-1/2"]
[WhiteElo "2951"]
[BlackElo "3055"]
[TimeControl "180+1"]
[EndTime "9:18:41 PST"]
[Termination "Game drawn - insufficient material"]

1. Nf3 Nf6 2. d4 e6 3. Bg5 Be7 4. Nbd2 d5 5. e3 Nbd7 6. Bd3 b6 7. O-O Bb7 8. c3 O-O 9. Qb1 h6 10. Bh4 c5 11. b4 cxb4 12. cxb4 Rc8 13. Qb2 Ne4 14. Bxe7 Qxe7 15. Rfc1 f5 16. a3 Qd6 17. g3 Kh7 18. Nb3 Rc4 19. Ne5 Nxe5 20. dxe5 Qc7 21. Nd4 Qxe5 22. f4 Qd6 23. Rxc4 dxc4 24. Bxc4 Bd5 25. Qa2 Nc3 26. Qb3 Rc8 27. Bxd5 Nxd5 28. Rd1 Rc3 29. Nxf5 Rxb3 30. Nxd6 Rxe3 31. Nb5 a6 32.
Nd4 Nf6 33. a4 e5 34. fxe5 Rxe5 35. b5 axb5 36. Nxb5 Re4 37. Ra1 Rb4 38. Nd6 Nd5 39. a5 bxa5 40. Rxa5 Ne3 41. Ra2 Rb1+ 42. Kf2 Ng4+ 43.
Kf3 h5 44. h3 Ne5+ 45. Kg2 Nd7 46. Nf5 Rb5 47. g4 hxg4 48. hxg4 Nf6 49. Ra7 Nxg4 50.
Rxg7+ Kh8 51. Rxg4 Rxf5 52. Rh4+ Kg7 53. Rg4+ Kf6 54.
Kg3 Rg5 55. Rxg5 Kxg5 1/2-1/2

[Event "Early-Titled-Tuesday-Blitz-February-06-2024"]
[Site "Chess.com"]
[Date "2024.02.06"]
[Round "7"]
[White "RantomOpening"]
[Black "Leonid_Starozhilov"]
[Result "0-1"]
[WhiteElo "2548"]
[BlackElo "2721"]
[TimeControl "180+1"]
[EndTime "9:18:44 PST"]
[Termination "Leonid_Starozhilov won by checkmate"]

1. c4 Nf6 2. Nf3 g6 3. Nc3 Bg7 4. e4 d6 5. d4 Bg4 6. Be2 O-O 7.
O-O a6 8. Be3 Nfd7 9. h3 Bxf3 10. Bxf3 c5 11. d5 b5 12. cxb5 axb5 13. Nxb5 Bxb2 14.
Rb1 Bf6 15. a4 Qa5 16. Ra1 Bxa1 17. Qxa1 Qxa4 18. Qb2 Qb4 19. Rb1 Qxb2 20. Rxb2 Na6 21.
Be2 Rfb8 22. Rd2 Nb4 23. Bg5 f6 24. Be3 Ra2 25. Nc7 Rxd2 26. Bxd2 Rb7 27. Ne6 Nf8 28. Nf4 Ra7 29. Bb5 Ra1+ 30. Kh2 Ra2 31. Be3 Nc2 32. Bc4 Rb2 33. Bc1 Rb4 34. Bd3 Nd4 35.
Be3 Nd7 36. Ba6 Ne5 37. Bc8 Rb8 38. Ba6 Kg7 39. h4 h5 40. f3 Rb2 41. Kh3 Rb3 42. Bxd4 cxd4 43. Ne6+ Kf7 44. Nxd4 Rb1 45. Bc8 g5 46.
hxg5 fxg5 47. Ne6 Kf6 48. Nf8 h4 49. Kh2 g4 50. fxg4 Kg5 51. Ne6+ Kxg4 52. Nd4+ Kf4 53. Ne2+ Ke3 54. Ba6 Rb2 55. Nc3 Kd4 56. Nb5+ Rxb5 57.
Bxb5 Kxe4 58. Bc6 Kf4 59. Kh3 Kg5 60. g3 hxg3 61. Kxg3 Kf5 62. Bb7 Ke4 63. Kf2 Nd3+ 64. Kg3 Nb4 65. Kf2 Nxd5 66. Ke2 e5 67. Ba8 Kd4 68.
Kd2 Nf4 69. Bh1 d5 70. Ke1 e4 71. Kd2 e3+ 72. Ke1 Kd3 73. Bf3 d4 74. Bd1 e2 75.
Ba4 Ke3 76. Bc6 Nd3# 0-1

[Event "Early-Titled-Tuesday-Blitz-February-06-2024"]
[Site "Chess.com"]
[Date "2024.02.06"]
[Round "7"]
[White "SouS007"]
[Black "SpongeBob_03"]
[Result "1-0"]
[WhiteElo "2521"]
[BlackElo "2221"]
[TimeControl "180+1"]
[EndTime "9:18:45 PST"]
[Termination "SouS007 won by checkmate"]

1. e4 c5 2. Nf3 a6 3. c3 d5 4. exd5 Qxd5 5. d4 e6 6. Be2 Nf6 7. O-O Be7 8. dxc5 Bxc5 9. Bg5 Ne4 10. Qxd5 exd5 11. Nbd2 O-O 12. Bd3 Nxg5 13. Nxg5 h6 14. Ngf3 Nc6 15. Nb3 Ba7 16. Rad1 Bg4 17. Be2 Rfe8 18.
Rfe1 Rad8 19. h3 Bh5 20. Nfd4 Nxd4 21. Nxd4 Bxd4 22. Bxh5 Bf6 23. Rxe8+ Rxe8 24. Rxd5 Re1+ 25. Kh2 Rb1 26. Rd2 Bg5 27. Re2 g6 28. Bf3 Ra1 29. Bxb7 Rxa2 30. c4 Bc1 31. c5 Rxb2 32. Rxb2 Bxb2 33.
Bxa6 Be5+ 34. g3 Kf8 35. Kg2 Ke8 36. Kf3 Kd8 37. Bc4 Kc7 38. Bxf7 g5 39. Ke4 Bc3 40. Kd5 Be1 41. f4 Bxg3 42. f5 Bh4 43. Bh5 Kd7 44. f6 g4 45. Bxg4+ Ke8 46. Ke6 Kf8 47. c6 Bg3 48.
Bh5 Kg8 49. Ke7 Bh4 50. c7 Bxf6+ 51. Kxf6 Kh7 52. Bg6+ Kg8 53. h4 h5 54. Bf5 Kf8 55. Bg6 Kg8 56. c8=N Kh8 57. Bxh5 Kg8 58. Nd6 Kh7 59.
Bf7 Kh6 60. h5 Kh7 61. h6 Kxh6 62. Nf5+ Kh7 63. Bg6+ Kg8 64. Nd6 Kf8 65. Bf5 Kg8 66. Nf7 Kf8 67. Bh7 Ke8 68. Ne5 Kd8 69. Ke6 Kc7 70. Nd7 Kc6 71. Bd3 Kc7 72. Be4 Kc8 73. Kd6 Kd8 74. Bg6 Kc8 75. Nc5 Kb8 76. Kd7 Ka7 77.
Kc7 Ka8 78. Kb6 Kb8 79. Bf5 Ka8 80. Bg4 Kb8 81. Na6+ Ka8 82. Bf3# 1-0

[Event "Early-Titled-Tuesday-Blitz-February-06-2024"]
[Site "Chess.com"]
[Date "2024.02.06"]
[Round "7"]
[White "Atousa"]
[Black "Alexchess1984"]
[Result "1-0"]
[WhiteElo "2488"]
[BlackElo "2645"]
[TimeControl "180+1"]
[EndTime "9:18:46 PST"]
[Termination "Atousa won by resignation"]

1. e4 c5 2. Nf3 g6 3. d4 cxd4 4. Nxd4 Bg7 5. Nc3 Nc6 6. Be3 Nf6 7. Bc4 O-O 8. f3 Re8 9. Qd2 e6 10. O-O-O d5 11. Bb5 Bd7 12. Nb3 a6 13. Be2 b5 14.
Bg5 b4 15. Na4 Na5 16. Nac5 Nxb3+ 17. Nxb3 Qc7 18. Qxb4 Rec8 19. Bd3 a5 20. Qd2 a4 21. Nd4 a3 22. b3 Nxe4 23. Bxe4 dxe4 24. fxe4 Bxd4 25.
Kb1 e5 26. Bf6 Ra6 27. Rhf1 Qc3 28. Qxc3 Rxc3 29. Bxe5 Bxe5 30. Rxd7 Rf6 31. Rxf6 Bxf6 32. Kc1 Re3 33. Kd2 Rxe4 34. c4 Bb2 35. c5 Kf8 36. c6 Ke8 37. Ra7 Re6 38. Ra8+ Ke7 39. c7 Rd6+ 40. Ke2 Re6+ 41. Kf3 Rf6+ 42. Ke4 Re6+ 43.
Kf3 Rf6+ 44. Kg4 h5+ 45. Kh3 Rc6 46. c8=Q Rxc8 47. Rxc8 Ke6 48. b4 g5 49. g3 f5 50.
b5 Kd6 51. b6 Kd7 52. b7 Be5 53. b8=Q Bxb8 54. Rxb8 Kc6 55. Ra8 Kc5 56. Rxa3 Kd4 57.
Ra8 Ke3 58. Kg2 Ke2 59. Re8+ Kd3 60. a4 f4 61. a5 f3+ 62. Kxf3 g4+ 63. Kg2 Kd2 64. a6 Kd3 65. a7 Kd2 66. a8=Q Kd3 67. Qd5+ 1-0

[Event "Early-Titled-Tuesday-Blitz-February-06-2024"]
[Site "Chess.com"]
[Date "2024.02.06"]
[Round "7"]
[White "tolia123"]
[Black "HelvertHernandez"]
[Result "0-1"]
[WhiteElo "2175"]
[BlackElo "1931"]
[TimeControl "180+1"]
[EndTime "9:18:46 PST"]
[Termination "HelvertHernandez won by checkmate"]

1. d4 Nf6 2. Nc3 g6 3. e4 d6 4. f3 Bg7 5. Be3 c6 6. Qd2 a6 7.
Bh6 Bxh6 8. Qxh6 b5 9. O-O-O a5 10. e5 Nd5 11. Nxd5 cxd5 12. Bxb5+ Bd7 13. Qg7 Rf8 14. Bd3 dxe5 15. dxe5 e6 16. Ne2 Nc6 17. Nc3 Qg5+ 18. Kb1 Qxe5 19. Qh6 Rb8 20. Qd2 Nb4 21. Rhe1 Qd6 22.
Bc4 Kd8 23. a3 Nc6 24. Nb5 Qc5 25. Bd3 Rxb5 26. Bxb5 Qxb5 27. Qh6 Re8 28. Qxh7 Re7 29. Qh8+ Kc7 30. Qc3 a4 31. f4 Kd8 32. g4 Na5 33. f5 gxf5 34. gxf5 Nc4 35. f6 Re8 36.
Ka2 Bc6 37. b3 axb3+ 38. cxb3 Na5 39. Rc1 Kd7 40. a4 Qb6 41. Re5 Rb8 42. Rh5 Qxb3+ 43.
Qxb3 Rxb3 44. Rc5 Rb4 45. Rxa5 d4 46. Rh7 Bd5+ 47. Ka3 Rb3+ 48. Ka2 Rb5+ 49. Ka1 Rxa5 50. Rxf7+ Kd6 51. Rh7 Ra8 52. Rg7 e5 53. f7 Bxf7 54. Rxf7 d3 55. Rf1 e4 56. Kb2 Rc8 57. Rd1 Kd5 58.
h4 Kd4 59. h5 e3 60. h6 e2 61. Re1 Ke3 62. h7 d2 63. a5 dxe1=Q 64. a6 Qd2+ 65.
Kb3 Rb8+ 66. Ka4 Qd4+ 67. Ka5 Qb4# 0-1

[Event "Early-Titled-Tuesday-Blitz-February-06-2024"]
[Site "Chess.com"]
[Date "2024.02.06"]
[Round "7"]
[White "PepeCuenca"]
[Black "JonasEilenberg"]
[Result "1-0"]
[WhiteElo "2711"]
[BlackElo "2531"]
[TimeControl "180+1"]
[EndTime "9:18:47 PST"]
[Termination "PepeCuenca won by resignation"]

1. d4 d5 2. c4 e6 3. Nf3 c6 4. e3 Nf6 5. b3 Nbd7 6. Bb2 b6 7.
Nbd2 Bb7 8. Bd3 Be7 9. O-O O-O 10. Qe2 c5 11. cxd5 Nxd5 12. Ba6 Qc8 13. Bxb7 Qxb7 14. a3 Rfd8 15. Rfd1 cxd4 16. Nxd4 Bf6 17. Ne4 Nc5 18. Nxf6+ Nxf6 19. b4 Na4 20. b5 Nxb2 21.
Qxb2 Rd5 22. Nc6 a6 23. a4 h5 24. h3 axb5 25. axb5 Rxa1 26. Rxa1 Qd7 27. Qc2 g6 28. Qc3 Kg7 29. Rb1 Rd1+ 30. Rxd1 Qxd1+ 31. Kh2 Qd6+ 32. f4 Qd5 33. Nd4 h4 34. Nf3 Qxb5 35. Nxh4 Qc5 36. Qxc5 bxc5 37. Kg1 Ne4 38. Kf1 Kf6 39. Nf3 Kf5 40.
Ne5 Kf6 41. g4 Ke7 42. Ke2 g5 43. fxg5 Nxg5 44. h4 Nh7 45. Kd3 f5 46. g5 Kf8 47.
Kc4 Kg7 48. Kxc5 Nf8 49. Kd6 Kg8 50. Ke7 Kg7 51. h5 Kg8 52. g6 Kg7 53. h6+ Kg8 54. g7 Nh7 55. Kxe6 Ng5+ 56. Kxf5 Nh7 57. Kg6 1-0

[Event "Early-Titled-Tuesday-Blitz-February-06-2024"]
[Site "Chess.com"]
[Date "2024.02.06"]
[Round "7"]
[White "GoValya"]
[Black "Licancabur"]
[Result "1-0"]
[WhiteElo "2275"]
[BlackElo "2397"]
[TimeControl "180+1"]
[EndTime "9:18:48 PST"]
[Termination "GoValya won by resignation"]

1. d4 d5 2. g3 Nf6 3. Bg2 c6 4.
c4 Bg4 5. Nc3 e6 6. h3 Bh5 7. g4 Bg6 8. Nf3 Nbd7 9. Bf4 Ne4 10.
cxd5 exd5 11. O-O Be7 12. Ne5 Nxe5 13. Bxe5 Nxc3 14. bxc3 O-O 15. Bg3 Bd6 16. f4 f5 17.
g5 Re8 18. Rb1 Bh5 19. Rf2 b5 20. Qd2 Qe7 21. Bf3 Qe3 22. Qxe3 Rxe3 23. Kg2 Bxf3+ 24. Rxf3 Rxe2+ 25. Rf2 Rae8 26. Rb2 Rxb2 27. Rxb2 Re3 28. Rc2 Kf7 29. Kf2 Re4 30. Kf3 Ke6 31. h4 Kd7 32. Rh2 Kc7 33. h5 Kb7 34. g6 h6 35. Rb2 Kb6 36.
Kf2 Bxf4 37. Kf3 Bxg3 38. Kxg3 Rg4+ 39. Kf3 Rh4 40. Re2 Rxh5 41. Re7 Rg5 42. Rxg7 h5 43.
Kf4 Rg1 44. Kxf5 h4 45. Rh7 Rf1+ 46. Ke6 Re1+ 47. Kf7 Rf1+ 48. Kg8 Rf4 49. g7 Rg4 50. Kh8 a5 51. g8=Q Rxg8+ 52. Kxg8 b4 53. cxb4 axb4 54. Rxh4 c5 55. dxc5+ Kxc5 56. Kf7 d4 57. Ke6 Kc4 58. Ke5 1-0

[Event "Early-Titled-Tuesday-Blitz-February-06-2024"]
[Site "Chess.com"]
[Date "2024.02.06"]
[Round "7"]
[White "mitrabhaa"]
[Black "banhgiahuy2606"]
[Result "1-0"]
[WhiteElo "2919"]
[BlackElo "2700"]
[TimeControl "180+1"]
[EndTime "9:18:50 PST"]
[Termination "mitrabhaa won by resignation"]

1. Nf3 Nf6 2. c4 g6 3. g3 Bg7 4.
Bg2 O-O 5. O-O d6 6. Nc3 c5 7. d4 Nc6 8. dxc5 dxc5 9. Be3 Be6 10. Qa4 Nd7 11. Rfd1 Qc8 12. Nd5 Re8 13. Qa3 Nb4 14. Rac1 a5 15. Bf4 Bxd5 16. cxd5 b5 17. e4 Nb6 18.
Nd2 c4 19. b3 Nd3 20. bxc4 Nxc1 21. Rxc1 Nxc4 22. Nxc4 bxc4 23. e5 Rb8 24. h4 Qf5 25. Qe3 Rb1 26. Rxb1 Qxb1+ 27. Kh2 Qd3 28. Qc5 c3 29.
Qc6 Rd8 30. Qc7 Rf8 31. Qxe7 c2 32. Qc5 Qd1 33. Be4 c1=Q 34. Bxc1 Bxe5 35. Be3 Qg4 36. Qc2 Qxh4+ 37. Kg2 Qf6 38. Qc5 Bd6 39. Qxa5 h5 40.
Qb6 h4 41. gxh4 Qxh4 42. Bf3 Qh2+ 43. Kf1 Rc8 44. a4 Rb8 45. Qc6 Rb1+ 46. Ke2 Qe5 47. Qc4 Qb2+ 48. Kd3 Ra1 49. Qc8+ Kg7 50. Bd4+ Qxd4+ 51. Kxd4 Rxa4+ 52. Kd3 Ra3+ 53. Ke2 Ra2+ 54. Kf1 Ra1+ 55.
Kg2 1-0

[Event "Early-Titled-Tuesday-Blitz-February-06-2024"]
[Site "Chess.com"]
[Date "2024.02.06"]
[Round "7"]
[White "ActorXu"]
[Black "PabloZarnicki"]
[Result "0-1"]
[WhiteElo "2843"]
[BlackElo "2630"]
[TimeControl "180+1"]
[EndTime "9:18:51 PST"]
[Termination "PabloZarnicki won by resignation"]

1. e4 e6 2. d3 d5 3. Nd2 Nf6 4. Ngf3 Nc6 5. g3 dxe4 6. dxe4 e5 7. Bg2 Bc5 8. O-O O-O 9. c3 a5 10. Qe2 Qe7 11. Nc4 b6 12. a4 Ba6 13. Nh4 Qe6 14.
b3 Ne7 15. Nf5 Bxc4 16. bxc4 g6 17. Nxe7+ Qxe7 18. Bh6 Rfd8 19. Kh1 Qe6 20. h3 Bf8 21. Bxf8 Kxf8 22. f4 Kg7 23. Rf3 exf4 24. e5 Nh5 25.
gxf4 f5 26. Kh2 Rd7 27. Rff1 Rad8 28. Bd5 Qe7 29. Ra2 Qc5 30. Qf2 c6 31. Qxc5 bxc5 32. Bxc6 Rd2+ 33. Rxd2 Rxd2+ 34. Kg1 Rd3 35. Bd5 Rxh3 36.
e6 Re3 37. Kf2 Rxc3 38. e7 Rc2+ 39. Ke3 Nf6 40. Re1 Ne8 41. Kd3 Rb2 42. Bc6 Rb8 43. Re5 Kf6 44. Rxc5 Rc8 45. Kd4 Kxe7 46. Re5+ Kf7 47. Bf3 Nf6 48. Rxa5 h5 49. Ra7+ Ke6 50. a5 h4 51. a6 h3 52. Rg7 Rd8+ 53. Kc3 Ne4+ 54. Bxe4 fxe4 55. Rxg6+ Kf5 56. Rh6 Kg4 57. c5 e3 58. a7 e2 59. Re6 h2 60. Rd6 e1=Q+ 0-1

[Event "Early-Titled-Tuesday-Blitz-February-06-2024"]
[Site "Chess.com"]
[Date "2024.02.06"]
[Round "7"]
[White "maciek_92"]
[Black "HajiyevKanan"]
[Result "0-1"]
[WhiteElo "2777"]
[BlackElo "2621"]
[TimeControl "180+1"]
[EndTime "9:18:52 PST"]
[Termination "HajiyevKanan won on time"]

1. e4 c6 2. Nc3 d5 3. d3 dxe4 4. Nxe4 Nf6 5. Nxf6+ exf6 6. g3 Bc5 7. Bg2 O-O 8. Ne2 Bg4 9. f3 Bh5 10. d4 Bd6 11. O-O Nd7 12. g4 Bg6 13. f4 f5 14. Ng3 f6 15. gxf5 Bf7 16. Qg4 Re8 17. b3 Qa5 18. Bb2 Qd2 19. Rf2 Re1+ 20. Nf1 Qa5 21.
Rxe1 Qxe1 22. Re2 Qb1 23. c4 Re8 24. Rxe8+ Bxe8 25. Qe2 Bf7 26. Bc3 Qxf5 27. Bd2 h5 28. Ng3 Qb1+ 29. Kf2 Qxa2 30. Nf5 Bf8 31. Be4 g6 32.
Bd3 gxf5 33. Bxf5 Nb8 34. Kg1 Qxb3 35. Be3 Qxc4 36. Qg2+ Bg7 37. Be4 f5 38. Bxf5 Kf8 39.
Be4 Bxd4 40. Qf3 Qc5 41. Bxd4 Qxd4+ 42. Kf1 Bd5 43. Bxd5 Qxd5 44. Qg3 Nd7 45. Qg6 Qf7 46. Qd6+ Kg7 47. Qc7 Nf6 48. Qe5 Kg6 49. Qg5+ Kh7 50. Qf5+ Kg7 51. Qg5+ Kf8 52. Qe5 Qe7 53. Qb8+ Kf7 54.
Qxa7 Nd5 55. Qd4 Qe3 56. Qa7 Qxf4+ 57. Ke2 Qe4+ 58. Kf2 Qc2+ 59. Kg3 Qb3+ 60. Kh4 Nf6 61. Qb8 Kg6 0-1

[Event "Early-Titled-Tuesday-Blitz-February-06-2024"]
[Site "Chess.com"]
[Date "2024.02.06"]
[Round "7"]
[White "rhungaski"]
[Black "ChessQueen"]
[Result "1/2-1/2"]
[WhiteElo "2497"]
[BlackElo "2686"]
[TimeControl "180+1"]
[EndTime "9:18:54 PST"]
[Termination "Game drawn by stalemate"]

1. e4 c6 2. d4 d5 3. e5 c5 4. c3 Nc6 5. Ne2 Bf5 6. dxc5 e6 7.
b4 Qc7 8. f4 f6 9. Nd4 fxe5 10.
Nxf5 exf5 11. Qxd5 Nge7 12. Qe6 exf4 13. Bc4 Qe5+ 14.
Qxe5 Nxe5 15. Bb5+ N7c6 16. Bxf4 O-O-O 17. O-O g6 18. Bg5 Be7 19. Bxe7 Nxe7 20. Re1 N7c6 21. Na3 Rhe8 22. Re2 Ng4 23. Rxe8 Rxe8 24. Nc4 Kc7 25.
h3 Nf6 26. Bxc6 bxc6 27. Rd1 Nd5 28. b5 Re7 29. Na5 Nxc3 30. Nxc6 Re2 31. Rd6 Nxb5 32. Rf6 Rxa2 33. Ne5 Re2 34. Rf7+ Kc8 35. Nc6 Rc2 36. Nxa7+ Nxa7 37. Rxa7 Rxc5 38. Rxh7 Rc6 39. Re7 Kd8 40. Re2 Kd7 41. Kf2 Rc3 42. Re3 Rc2+ 43. Kf3 Ra2 44.
g4 fxg4+ 45. hxg4 Ra4 46. Kg3 g5 47. Re5 Kd6 48. Rxg5 Ke6 49. Rf5 Ra8 50. Rf1 Ke7 51. Kh4 Rh8+ 52. Kg5 Rg8+ 53. Kh4 Rh8+ 54. Kg3 Rf8 55.
Rxf8 Kxf8 56. Kf4 Kg8 57. Ke5 Kg7 58. Kf5 Kf7 59. Kg5 Kg7 60. Kh5 Kh7 61. g5 Kg7 62. g6 Kg8 63. Kg5 Kg7 64. Kf5 Kg8 65. Kf6 Kf8 66.
Kg5 Kg7 67. Kh5 Kg8 68. Kh6 Kh8 69. g7+ Kg8 70. Kg6 1/2-1/2

[Event "Early-Titled-Tuesday-Blitz-February-06-2024"]
[Site "Chess.com"]
[Date "2024.02.06"]
[Round "7"]
[White "disciplinedbrat"]
[Black "EsmeraldasAnderson03"]
[Result "1-0"]
[WhiteElo "2301"]
[BlackElo "2400"]
[TimeControl "180+1"]
[EndTime "9:18:57 PST"]
[Termination "disciplinedbrat won by checkmate"]

1. d4 d5 2. c4 dxc4 3. e3 a6 4. a4 Nf6 5. Bxc4 e6 6. Nf3 c5 7. O-O b6 8. Ne5 Bb7 9. Nc3 Be7 10. b3 O-O 11. Bb2 cxd4 12. exd4 Nc6 13. Nxc6 Bxc6 14. Ne2 b5 15. Bd3 bxa4 16. bxa4 Qd5 17. f3 Rab8 18. Qc2 Rfc8 19. Rac1 Bd7 20. Qd2 Bb4 21.
Rxc8+ Bxc8 22. Qf4 Bd6 23. Qd2 h6 24. Rc1 Qh5 25. g3 Qxf3 26. Rf1 Qg4 27. d5 Bc5+ 28. Kg2 Bb7 29. h3 Bxd5+ 30. Kh2 Qh5 31. Bxf6 gxf6 32. Rxf6 Qg5 33. Rf4 f5 34. Qc2 Bd6 35. Rf1 Be5 36.
Bxf5 Rb2 37. Qc8+ Kg7 38. Bg4 Qe7 39. Qc1 Qc7 40. Qe3 Bc4 41. Rf2 Qd6 42. Qf3 Bxg3+ 43.
Nxg3 Rxf2+ 44. Qxf2 Bd5 45. Bf3 Bc4 46. Qg2 Kf8 47.
Qf2 Ke7 48. Qe3 h5 49. Qg5+ Kd7 50. Qxh5 Qd2+ 51. Bg2 Bd5 52. Qe2 Qd4 53. Bxd5 Qxd5 54.
Qe4 Qa5 55. Qd4+ Ke7 56. Ne4 Qb6 57. Qxb6 Kf7 58. Qxa6 Kg6 59. Qd3 Kf7 60. a5 e5 61.
a6 Ke6 62. a7 Kf5 63. a8=Q Kf4 64. Qf8# 1-0

[Event "Early-Titled-Tuesday-Blitz-February-06-2024"]
[Site "Chess.com"]
[Date "2024.02.06"]
[Round "7"]
[White "ImportedItalianMaple"]
[Black "Goryachkina"]
[Result "1/2-1/2"]
[WhiteElo "2494"]
[BlackElo "2667"]
[TimeControl "180+1"]
[EndTime "9:18:59 PST"]
[Termination "Game drawn by repetition"]

1. Nf3 d5 2. g3 Bg4 3. Bg2 Nd7 4.
c4 c6 5. cxd5 cxd5 6. d4 e6 7.
O-O Bd6 8. Nc3 Ngf6 9. Qb3 Qb6 10. Qxb6 axb6 11. Nb5 Bb8 12. Bd2 O-O 13. Bb4 Re8 14. Rfc1 e5 15. dxe5 Nxe5 16. Nc7 Bxc7 17. Rxc7 Nc6 18.
Bc3 Bxf3 19. Bxf3 d4 20. Bxc6 bxc6 21. Bxd4 c5 22. Bxf6 gxf6 23. e3 Kg7 24. a3 Rec8 25. Rd7 c4 26. Rc1 c3 27. bxc3 Rxa3 28. c4 Ra4 29. Rb1 Rc6 30. Rb7 Raxc4 31. R1xb6 Rxb6 32. Rxb6 Rc1+ 33. Kg2 Rc2 34. Kf3 Ra2 35. h4 Rc2 36.
g4 Ra2 37. Kg3 h6 38. f3 Ra3 39. Kf4 Ra4+ 40. e4 Ra3 41. Rb2 Rc3 42. Re2 Ra3 43. Re3 Ra5 44. Rd3 Rb5 45. Rd5 Rb3 46. Rf5 Ra3 47. Kg3 Rb3 48. Kf2 Ra3 49. Kg3 Rb3 50. Kf4 Ra3 51. g5 hxg5+ 52. hxg5 fxg5+ 53. Rxg5+ Kf6 54.
Rb5 Rc3 55. Kg4 Ra3 56. Rb6+ Ke5 57. Rb7 Ke6 58. f4 Kf6 59. e5+ Ke6 60. Rb6+ Ke7 61. Kf5 Ra7 62. Rb4 Rc7 63. Ke4 f6 64. exf6+ Kxf6 65. Rb6+ Kf7 66. Kf5 Rc5+ 67. Kg4 Ra5 68. f5 Ra1 69. Kg5 Rg1+ 70. Kf4 Rf1+ 71. Kg5 Rg1+ 72.
Kf4 Rf1+ 73. Ke5 Re1+ 74. Kf4 Rf1+ 1/2-1/2

[Event "Early-Titled-Tuesday-Blitz-February-06-2024"]
[Site "Chess.com"]
[Date "2024.02.06"]
[Round "7"]
[White "Bauman_Guy"]
[Black "artooon"]
[Result "1/2-1/2"]
[WhiteElo "2867"]
[BlackElo "3040"]
[TimeControl "180+1"]
[EndTime "9:19:01 PST"]
[Termination "Game drawn by repetition"]

1. e4 e5 2. Nf3 Nc6 3. Bb5 a6 4. Ba4 Nf6 5. O-O Bc5 6. Nc3 O-O 7. d3 d6 8. Bg5 h6 9. Bh4 Bg4 10. h3 Bxf3 11. Qxf3 Nd4 12. Qd1 c6 13. Ne2 g5 14.
Bg3 Ne6 15. c3 Ba7 16. Bc2 Nf4 17. Kh1 Qe7 18. Bh2 Nxe2 19. Qxe2 Rae8 20. Rae1 Bb8 21. d4 Nd7 22. dxe5 dxe5 23. Rd1 Nc5 24. b4 Ne6 25.
Bb3 Nf4 26. Qf3 Rd8 27. g3 Ng6 28. Kg2 Kg7 29. Qf5 Bc7 30. a4 a5 31. b5 Qc5 32.
Rd7 Rxd7 33. Qxd7 Qxc3 34. Rb1 cxb5 35. Qxb5 Rd8 36. Qxb7 Rd2 37. Bg1 Nh8 38. Rd1 Rb2 39. Rd7 Rxb3 40. Qxc7 Qf3+ 41. Kh2 Qxe4 42. Qxa5 Rb1 43.
Qd5 Qe1 44. Qg2 Ra1 45. Ra7 e4 46. Re7 Rxa4 47. f3 Ng6 48. Rxe4 Rxe4 49. fxe4 Kg8 50.
Bd4 Qd1 51. Qf2 Qd3 52. Qf6 Qe2+ 53. Kg1 Qd1+ 54. Kh2 Qd2+ 55. Kg1 Qc1+ 56. Kh2 Qc2+ 57.
Kg1 Qb1+ 58. Kh2 Qc2+ 59. Kg1 Qd1+ 60. Kh2 Qd2+ 61. Kg1 Qe1+ 62. Kh2 Qe2+ 63. Kg1 Qd1+ 1/2-1/2

[Event "Early-Titled-Tuesday-Blitz-February-06-2024"]
[Site "Chess.com"]
[Date "2024.02.06"]
[Round "7"]
[White "ExchangeAB"]
[Black "Lady_Nika"]
[Result "1/2-1/2"]
[WhiteElo "2431"]
[BlackElo "2581"]
[TimeControl "180+1"]
[EndTime "9:19:01 PST"]
[Termination "Game drawn - insufficient material"]

1. d4 d5 2. Nf3 e6 3. Bf4 f5 4.
e3 Nf6 5. Nbd2 Bd6 6. c3 O-O 7.
Bd3 Qe7 8. O-O Nbd7 9. h3 Ne4 10. c4 c6 11. Bxd6 Qxd6 12. Rc1 Nxd2 13. Qxd2 Nf6 14. Ne5 Bd7 15. Qc2 Ne4 16. Bxe4 fxe4 17. f4 exf3 18. Rxf3 Rxf3 19. Nxf3 Rf8 20. Ne5 Be8 21. Rf1 Rxf1+ 22. Kxf1 Qe7 23. c5 Qg5 24. Qf2 h6 25. Qf4 Qh5 26.
Qg4 Qxg4 27. hxg4 Kf8 28. Kf2 Ke7 29. Kf3 Kf6 30. Kf4 g5+ 31. Kf3 Ke7 32. Ke2 Kd8 33. Kd2 Kc7 34. Kc3 b6 35. Kb4 Kb7 36. a4 a5+ 37.
Kc3 Ka6 38. cxb6 Kxb6 39. b4 Ka6 40. Nd3 Bg6 41. Ne5 Be4 42. g3 axb4+ 43. Kxb4 Kb6 44. a5+ Ka6 45. Nxc6 Bd3 46. Ne5 Be2 47. Kc5 Bf1 48.
Kd6 Kxa5 49. Kxe6 Bc4 50. Nf7 Kb4 51. Nxh6 Kc3 52. Nf5 Kd3 53. Kf6 Ke4 54. Kxg5 Be2 55. Kh4 Bd1 56. Nd6+ Kxe3 57. g5 Bc2 58. Nb5 Bd3 59. g6 Bxg6 60. Kg5 Bd3 61. Nc7 Kxd4 62. Nxd5 Kxd5 63. Kf6 Bb1 64. g4 Bc2 65. g5 Bd3 66.
g6 Bxg6 1/2-1/2